Arizona Coyotes vs Minnesota North Stars
Created - Tuesday, February 17, 2026 at 09:50
Goals
|
| Arizona Coyotes |
2 |
1 |
0 |
0 |
0 |
3 |
| Minnesota North Stars |
1 |
1 |
1 |
0 |
1 |
4 |
|
Shots
|
| Arizona Coyotes |
13 |
13 |
8 |
1 |
3 |
35 |
| Minnesota North Stars |
8 |
7 |
12 |
1 |
3 |
28 |
|
1st period
1. Minnesota North Stars , Kent Johnson 6 (Valeri Nichushkin 12) at 3:49 (PP)
2. Arizona Coyotes , Mason McTavish 8 (Tyler Bertuzzi 11) at 9:48
3. Arizona Coyotes , Charlie Coyle 9 (Anders Lee 18) at 18:06 (PP)
Penalties :
Aliaksei Protas (AZC) for Hooking (Minor) at 3:41, Kent Johnson (MNS) for Tripping (Minor) at 13:36, Rasmus Dahlin (MNS) for Cross-checking (Minor) at 17:46
2nd period
4. Arizona Coyotes , Mason McTavish 9 (Mats Zuccarello 16) at 1:24
5. Minnesota North Stars , Jack Hughes 10 (Brock Nelson 16) at 15:29
Penalties :
Niko Mikkola (MNS) for Tripping (Minor) at 1:37, Neal Pionk (MNS) for Roughing (Minor) at 8:35, Ryan Donato (AZC) for High sticking (Double Minor) at 16:36
3rd period
6. Minnesota North Stars , Valeri Nichushkin 5 (Gustav Forsling 7, Jack Hughes 15) at 19:31
Penalties :
Brayden McNabb (AZC) for Tripping (Minor) at 2:57, Mason McTavish (AZC) for Cross-checking (Minor) at 5:39, Niko Mikkola (MNS) for High sticking (Minor) at 10:38, Ryan Donato (AZC) for Slashing (Minor) at 16:21
Overtime #1
No Goal
Penalties :
No Penalty
Shootout
Arizona Coyotes, Anders Lee - Shot Misses the Net
Minnesota North Stars, Kent Johnson - Shot Misses the Net
Arizona Coyotes, Charlie Coyle - Stopped by Logan Thompson
Minnesota North Stars, Brock Nelson - Stopped by Tristan Jarry
Arizona Coyotes, Kiefer Sherwood - Stopped by Logan Thompson
Minnesota North Stars, Valeri Nichushkin - Goal!
Penalties :
No Penalty
Goalie Stats
Tristan Jarry (AZC), 25 saves from 28 shots - (0.893), OTL, 5-4-1, 65:00 minutes
Logan Thompson (MNS), 32 saves from 35 shots - (0.914), W, 8-6-3, 64:01 minutes
Players Stats for Arizona Coyotes
Player Name G A P +/- PIM S H SB GA TA FO MP PP MP PK MP
------------------------------------------------------------------------------------
Aliaksei Protas 0 0 0 0 2 1 0 0 1 0 0/0 11:26 0:00 0:00
Anders Lee 0 1 1 -2 0 4 2 0 0 1 6/11 24:30 5:11 4:56
Anthony DeAngelo 0 0 0 1 0 0 0 0 0 0 0/0 11:04 0:00 0:01
Brayden McNabb 0 0 0 -1 2 4 1 2 0 2 0/0 25:07 3:26 4:24
Charlie Coyle 1 0 1 -2 0 5 4 0 0 1 10/21 24:30 5:11 4:56
Erik Haula 0 0 0 0 0 0 0 2 0 0 2/4 12:32 0:00 4:33
Jared Spurgeon 0 0 0 -1 0 0 0 1 0 0 0/0 25:34 3:26 5:02
Johnathan Kovacevic 0 0 0 0 0 3 1 3 0 1 0/0 28:22 4:50 5:01
Kiefer Sherwood 0 0 0 -2 0 2 2 0 0 0 3/5 23:50 5:11 4:33
Mason McTavish 2 0 2 2 2 5 3 1 0 1 9/13 16:57 3:05 0:29
Mats Zuccarello 0 1 1 2 0 5 1 1 0 0 1/1 14:21 3:05 0:00
Nick Seeler 0 0 0 1 0 0 2 0 0 0 0/0 11:45 0:00 0:39
Ondrej Palat 0 0 0 0 0 0 1 0 0 1 0/0 7:16 0:00 0:00
Radko Gudas 0 0 0 0 0 1 0 3 0 1 0/0 28:22 4:50 5:01
Ross Colton 0 0 0 0 0 2 0 0 2 0 0/0 7:16 0:00 0:00
Ryan Donato 0 0 0 0 6 2 3 0 1 2 2/8 11:34 0:00 0:00
Tyler Bertuzzi 0 1 1 2 0 0 3 1 0 0 1/1 14:21 3:05 0:00
Vladimir Tarasenko 0 0 0 0 0 1 0 0 0 2 0/0 11:04 0:00 0:41
Players Stats for Minnesota North Stars
Player Name G A P +/- PIM S H SB GA TA FO MP PP MP PK MP
------------------------------------------------------------------------------------
Brock Nelson 0 1 1 2 0 0 0 0 2 0 7/11 17:59 4:32 0:00
Erik Cernak 0 0 0 -1 0 0 0 0 0 0 0/0 4:17 0:00 0:00
Frank Vatrano 0 0 0 0 0 0 1 0 1 0 0/0 14:56 0:00 4:27
Gustav Forsling 0 1 1 1 0 1 0 1 0 0 0/0 28:45 4:44 4:56
Ivan Barbashev 0 0 0 -2 0 0 2 0 0 0 0/0 5:59 0:00 0:00
Jack Hughes 1 1 2 2 0 5 1 0 1 0 0/0 19:34 5:09 0:00
Jonathan Marchessault 0 0 0 0 0 1 1 0 0 0 0/2 18:47 5:09 0:09
Kent Johnson 1 0 1 0 2 2 0 0 1 0 1/1 17:19 4:30 0:00
Lawson Crouse 0 0 0 -2 0 2 1 0 1 0 1/1 6:48 0:23 0:09
Matt Roy 0 0 0 1 0 0 2 3 0 0 0/0 21:39 5:20 0:47
Michael Rasmussen 0 0 0 -2 0 1 1 1 2 0 1/4 12:56 0:54 3:40
Neal Pionk 0 0 0 0 2 4 0 1 1 1 0/0 27:04 4:44 4:15
Niko Mikkola 0 0 0 -1 4 0 1 1 1 1 0/0 18:15 0:00 2:42
Rasmus Dahlin 0 0 0 0 2 3 2 4 0 0 0/0 29:20 4:52 3:52
Ryan Nugent-Hopkins 0 0 0 0 0 3 2 0 0 0 11/24 18:02 0:00 3:40
Valeri Nichushkin 1 1 2 1 0 3 2 0 0 0 1/2 16:32 4:32 0:00
William Eklund 0 0 0 1 0 1 1 2 1 0 0/1 11:16 0:22 0:00
William Karlsson 0 0 0 0 0 2 1 0 1 2 8/18 22:11 5:09 4:27
3 Stars
1 - Mason McTavish (AZC)
2 - Jack Hughes (MNS)
3 - Valeri Nichushkin (MNS)
Power Play
Arizona Coyotes - 1 on 5 Attempt(s) - 20.00%
Minnesota North Stars - 1 on 6 Attempt(s) - 16.67%
Penalty Kill
Arizona Coyotes - 5 on 6 Attempt(s) - 83.33%
- Score 0 goal in Penalty Kill
Minnesota North Stars - 4 on 5 Attempt(s) - 80.00%
- Score 0 goal in Penalty Kill
Team Stat
Arizona Coyotes - Hits : 23 - Faceoff Wins : 34 - Blocked Shots : 14 - Penalty Minutes : 12
Minnesota North Stars - Hits : 18 - Faceoff Wins : 30 - Blocked Shots : 13 - Penalty Minutes : 10
Official
Referees : Chris Rooney and Jean Hebert
Linesman : CJ Murray and Dan Kelly
Game Notes
Erik Cernak is injured at 13:31 of 1st period (Bruised Right Foot)
Finance
Level 1 -- Attendance: 5732 (95.53%) -- Ticket Income $538,808
Level 2 -- Attendance: 4252 (85.04%) -- Ticket Income $238,112
Level 3 -- Attendance: 2605 (86.83%) -- Ticket Income $83,360
Level 4 -- Attendance: 4890 (97.80%) -- Ticket Income $107,580
Luxury Box -- Attendance: 836 (83.60%) -- Ticket Income $161,348
Game was played at the Met Center.
Total Attendance: 18315 (91.58%)
Total Ticket Income: $1,129,208
Other Income: $395,223
Total Income: $1,524,431
Arizona Coyotes
5 vs 5 Forward
Center Left Wing Right Wing Time % Phy DF OF
1 Charlie Coyle Anders Lee Kiefer Sherwood 35 1 2 2
2 Mason McTavish Mats Zuccarello Tyler Bertuzzi 30 0 2 3
3 Ryan Donato Aliaksei Protas Vladimir Tarasenko 20 0 2 3
4 Erik Haula Ross Colton Ondrej Palat 15 1 2 2
5 vs 5 Defense
Defense Defense Time % Phy DF OF
1 Radko Gudas Johnathan Kovacevic 40 0 3 2
2 Brayden McNabb Jared Spurgeon 35 0 2 3
3 Anthony DeAngelo Nick Seeler 25 1 3 1
4 Radko Gudas Johnathan Kovacevic 0 1 2 2
PowerPlay Forward
Center Left Wing Right Wing Time % Phy DF OF
1 Charlie Coyle Anders Lee Kiefer Sherwood 55 1 1 3
2 Mason McTavish Mats Zuccarello Tyler Bertuzzi 45 1 1 3
PowerPlay Defense
Defense Defense Time % Phy DF OF
1 Radko Gudas Johnathan Kovacevic 55 1 2 2
2 Brayden McNabb Jared Spurgeon 45 1 2 2
Penalty Kill 4 Players Forward
Center Wing Time % Phy DF OF
1 Anders Lee Charlie Coyle 50 1 3 1
2 Kiefer Sherwood Erik Haula 50 1 3 1
Penalty Kill 4 Players Defense
Defense Defense Time % Phy DF OF
1 Radko Gudas Johnathan Kovacevic 50 1 3 1
2 Brayden McNabb Jared Spurgeon 50 1 3 1
Penalty Kill - 3 Players Forward
Forward Time % Phy DF OF
1 Anders Lee 50 1 2 2
2 Charlie Coyle 50 1 2 2
Penalty Kill - 3 Players Defense
Defense Defense Time % Phy DF OF
1 Radko Gudas Johnathan Kovacevic 50 1 2 2
2 Brayden McNabb Jared Spurgeon 50 1 2 2
4 vs 4 Forward
Center Wing Time % Phy DF OF
1 Anders Lee Charlie Coyle 50 1 2 2
2 Kiefer Sherwood Aliaksei Protas 50 1 2 2
4 vs 4 Defense
Defense Defense Time % Phy DF OF
1 Radko Gudas Johnathan Kovacevic 50 1 2 2
2 Brayden McNabb Jared Spurgeon 50 1 2 2
Last Minutes Offensive
Center Left Wing Right Wing Defense Defense
Charlie Coyle Anders Lee Kiefer Sherwood Radko Gudas Johnathan Kovacevic
Last Minutes Defensive
Center Left Wing Right Wing Defense Defense
Charlie Coyle Anders Lee Kiefer Sherwood Radko Gudas Johnathan Kovacevic
Goaltenders
Starting : Tristan Jarry
Backup : Elvis Merzlikins
Extra Forwards
Normal : Mason McTavish, Ryan Donato, Vladimir Tarasenko - PP : Mason McTavish, Ryan Donato - PK : Vladimir Tarasenko
Extra Defensemen
Normal : Anthony DeAngelo, Nick Seeler, Brayden McNabb - PP : Anthony DeAngelo - PK : Nick Seeler, Brayden McNabb
Penalty Shots
Anders Lee, Charlie Coyle, Kiefer Sherwood, Aliaksei Protas, Mats Zuccarello
Scratches
Jeff Petry (Healthy), Corson Ceulemans (Healthy), Ryan Mast (Healthy), Carter Hart (Healthy)
Minnesota North Stars
5 vs 5 Forward
Center Left Wing Right Wing Time % Phy DF OF
1 Brock Nelson Jack Hughes William Eklund 30 0 1 4
2 Ryan Nugent-Hopkins Valeri Nichushkin Kent Johnson 30 0 1 4
3 William Karlsson Frank Vatrano Jonathan Marchessault 30 0 1 4
4 Michael Rasmussen Ivan Barbashev Lawson Crouse 10 0 4 1
5 vs 5 Defense
Defense Defense Time % Phy DF OF
1 Matt Roy Rasmus Dahlin 34 0 3 2
2 Gustav Forsling Neal Pionk 34 0 3 2
3 Erik Cernak Niko Mikkola 32 0 4 1
4 Matt Roy Rasmus Dahlin 0 1 2 2
PowerPlay Forward
Center Left Wing Right Wing Time % Phy DF OF
1 Brock Nelson Valeri Nichushkin Kent Johnson 50 0 0 5
2 William Karlsson Jack Hughes Jonathan Marchessault 50 0 0 5
PowerPlay Defense
Defense Defense Time % Phy DF OF
1 Matt Roy Rasmus Dahlin 50 0 2 3
2 Gustav Forsling Neal Pionk 50 0 2 3
Penalty Kill 4 Players Forward
Center Wing Time % Phy DF OF
1 Ryan Nugent-Hopkins Michael Rasmussen 50 0 5 0
2 William Karlsson Frank Vatrano 50 0 5 0
Penalty Kill 4 Players Defense
Defense Defense Time % Phy DF OF
1 Gustav Forsling Erik Cernak 50 0 5 0
2 Niko Mikkola Neal Pionk 50 0 5 0
Penalty Kill - 3 Players Forward
Forward Time % Phy DF OF
1 Ryan Nugent-Hopkins 50 0 5 0
2 William Karlsson 50 0 5 0
Penalty Kill - 3 Players Defense
Defense Defense Time % Phy DF OF
1 Gustav Forsling Erik Cernak 50 0 5 0
2 Niko Mikkola Neal Pionk 50 0 5 0
4 vs 4 Forward
Center Wing Time % Phy DF OF
1 Brock Nelson Jack Hughes 50 0 2 3
2 Ryan Nugent-Hopkins Jonathan Marchessault 50 0 2 3
4 vs 4 Defense
Defense Defense Time % Phy DF OF
1 Matt Roy Rasmus Dahlin 50 0 3 2
2 Gustav Forsling Neal Pionk 50 0 3 2
Last Minutes Offensive
Center Left Wing Right Wing Defense Defense
Brock Nelson Jack Hughes Valeri Nichushkin Matt Roy Rasmus Dahlin
Last Minutes Defensive
Center Left Wing Right Wing Defense Defense
William Karlsson Michael Rasmussen Ryan Nugent-Hopkins Matt Roy Erik Cernak
Goaltenders
Starting : Logan Thompson
Backup : Brandon Bussi
Extra Forwards
Normal : William Karlsson, Jonathan Marchessault, Michael Rasmussen - PP : William Karlsson, Jonathan Marchessault - PK : William Karlsson
Extra Defensemen
Normal : Erik Cernak, Niko Mikkola, Gustav Forsling - PP : Erik Cernak - PK : Niko Mikkola, Gustav Forsling
Penalty Shots
Kent Johnson, Brock Nelson, Valeri Nichushkin, Ryan Nugent-Hopkins, William Eklund
Scratches
Dylan DeMelo (Healthy), Charlie Lindgren (Healthy)
% Time on Ice - Arizona Coyotes
Lines # - Real PCT - Wanted PCT - Time Play
Normal Forward
1 - 30% - 35% - 12:15
2 - 29% - 30% - 11:59
3 - 23% - 20% - 9:35
4 - 18% - 15% - 7:16
Normal Defense
1 - 38% - 40% - 15:40
2 - 37% - 35% - 15:04
3 - 25% - 25% - 10:21
4 - 0% - 0% - 0:00
PP Forward
1 - 63% - 55% - 5:11
2 - 37% - 45% - 3:05
PP Defense
1 - 58% - 55% - 4:50
2 - 42% - 45% - 3:26
PK Forward
1 - 50% - 50% - 4:59
2 - 50% - 50% - 5:05
PK Defense
1 - 50% - 50% - 5:02
2 - 50% - 50% - 5:02
PK3 Forward
1 - 0% - 50%
2 - 0% - 50%
PK3 Defense
1 - 0% - 50%
2 - 0% - 50%
44 Forward
1 - 59% - 50% - 2:57
2 - 41% - 50% - 2:03
44 Defense
1 - 59% - 50% - 2:58
2 - 41% - 50% - 2:02
Last Minute Offensive - 0:00
Last Minute Defensive - 0:35
Total
Forward - 65:00
Defense - 65:00
|
% Time on Ice - Minnesota North Stars
Lines # - Real PCT - Wanted PCT - Time Play
Normal Forward
1 - 28% - 30% - 11:40
2 - 32% - 30% - 12:58
3 - 26% - 30% - 10:29
4 - 15% - 10% - 5:59
Normal Defense
1 - 36% - 34% - 14:53
2 - 30% - 34% - 12:32
3 - 33% - 32% - 13:41
4 - 0% - 0% - 0:00
PP Forward
1 - 49% - 50% - 4:55
2 - 51% - 50% - 5:09
PP Defense
1 - 53% - 50% - 5:20
2 - 47% - 50% - 4:44
PK Forward
1 - 46% - 50% - 3:49
2 - 54% - 50% - 4:27
PK Defense
1 - 47% - 50% - 3:53
2 - 53% - 50% - 4:23
PK3 Forward
1 - 0% - 50%
2 - 0% - 50%
PK3 Defense
1 - 0% - 50%
2 - 0% - 50%
44 Forward
1 - 49% - 50% - 2:27
2 - 51% - 50% - 2:33
44 Defense
1 - 56% - 50% - 2:49
2 - 44% - 50% - 2:11
Last Minute Offensive - 0:34
Last Minute Defensive - 0:00
Total
Forward - 65:00
Defense - 65:00
|
Play-by-Play
1st period
0:01 of 1st period - Brock Nelson wins face-off versus Charlie Coyle in neutral zone.
0:51 of 1st period - Gustav Forsling is hit by Mason McTavish and loses puck.
1:41 of 1st period - Snap shot by Jonathan Marchessault.
1:41 of 1st period - Shot Misses the Net.
1:51 of 1st period - William Eklund is hit by Nick Seeler and loses puck.
2:09 of 1st period - Icing by Jack Hughes.
2:10 of 1st period - Ryan Donato wins face-off versus Ryan Nugent-Hopkins in Minnesota North Stars zone.
2:13 of 1st period - Wrist shot by Aliaksei Protas.
2:13 of 1st period - Shot Hit the Post.
2:15 of 1st period - Slapshot by Johnathan Kovacevic.
2:15 of 1st period - Stopped by Logan Thompson with a rebound.
2:17 of 1st period - Slapshot by Radko Gudas.
2:17 of 1st period - Stopped by Logan Thompson without a rebound.
2:18 of 1st period - Mason McTavish wins face-off versus Ryan Nugent-Hopkins in Minnesota North Stars zone.
2:35 of 1st period - Wrist shot by Mats Zuccarello.
2:35 of 1st period - Shot Misses the Net.
2:42 of 1st period - Icing by Gustav Forsling.
2:43 of 1st period - Anders Lee wins face-off versus Ryan Nugent-Hopkins in Minnesota North Stars zone.
2:48 of 1st period - Wrist shot by Anders Lee.
2:48 of 1st period - Shot Misses the Net.
2:50 of 1st period - Wrist shot by Anders Lee.
2:50 of 1st period - Shot Misses the Net.
3:39 of 1st period - Snap shot by Jack Hughes.
3:39 of 1st period - Shot Misses the Net.
3:41 of 1st period - Minor Penalty to Aliaksei Protas for Hooking.
3:42 of 1st period - Kent Johnson wins face-off versus Anders Lee in Arizona Coyotes zone.
3:47 of 1st period - Wrist shot by Kent Johnson.
3:47 of 1st period - Shot Misses the Net.
3:49 of 1st period - Wrist shot by Kent Johnson.
3:49 of 1st period - Goal by Kent Johnson - Arizona Coyotes : 0 - Minnesota North Stars : 1.
3:50 of 1st period - William Karlsson wins face-off versus Charlie Coyle in neutral zone.
4:15 of 1st period - Radko Gudas is hit by Matt Roy and loses puck.
5:18 of 1st period - Charlie Coyle is hit by Frank Vatrano and loses puck.
5:27 of 1st period - Snap shot by Anders Lee.
5:27 of 1st period - Shot Misses the Net.
5:29 of 1st period - Slapshot by Johnathan Kovacevic.
5:29 of 1st period - Deflect By Charlie Coyle.
5:29 of 1st period - Stopped by Logan Thompson with a rebound.
6:07 of 1st period - Ryan Donato is hit by Ivan Barbashev and loses puck.
6:30 of 1st period - Slapshot by Ryan Nugent-Hopkins.
6:30 of 1st period - Stopped by Tristan Jarry without a rebound.
6:31 of 1st period - Mason McTavish wins face-off versus William Karlsson in Arizona Coyotes zone.
7:02 of 1st period - Wrist shot by Jack Hughes.
7:02 of 1st period - Stopped by Tristan Jarry without a rebound.
7:03 of 1st period - Ryan Nugent-Hopkins wins face-off versus Charlie Coyle in Arizona Coyotes zone.
7:14 of 1st period - Wrist shot by Anders Lee.
7:14 of 1st period - Stopped by Logan Thompson with a rebound.
7:37 of 1st period - Snap shot by Erik Haula.
7:37 of 1st period - Shot Blocked by Matt Roy.
7:39 of 1st period - Snap shot by Johnathan Kovacevic.
7:39 of 1st period - Stopped by Logan Thompson with a rebound.
7:41 of 1st period - Snap shot by Johnathan Kovacevic.
7:41 of 1st period - Stopped by Logan Thompson with a rebound.
9:03 of 1st period - Wrist shot by Jonathan Marchessault.
9:03 of 1st period - Shot Misses the Net.
9:05 of 1st period - Snap shot by Rasmus Dahlin.
9:05 of 1st period - Stopped by Tristan Jarry with a rebound.
9:07 of 1st period - Slapshot by Rasmus Dahlin.
9:07 of 1st period - Stopped by Tristan Jarry with a rebound.
9:09 of 1st period - Wrist shot by William Karlsson.
9:09 of 1st period - Stopped by Tristan Jarry with a rebound.
9:11 of 1st period - Slapshot by Rasmus Dahlin.
9:11 of 1st period - Shot Misses the Net.
9:29 of 1st period - Snap shot by Brock Nelson.
9:29 of 1st period - Shot Blocked by Erik Haula.
9:31 of 1st period - Slapshot by Erik Cernak.
9:31 of 1st period - Shot Blocked by Erik Haula.
9:41 of 1st period - Lawson Crouse is hit by Tyler Bertuzzi and loses puck.
9:46 of 1st period - Snap shot by Tyler Bertuzzi.
9:46 of 1st period - Shot Misses the Net.
9:48 of 1st period - Wrist shot by Mason McTavish.
9:48 of 1st period - Goal by Mason McTavish - Arizona Coyotes : 1 - Minnesota North Stars : 1.
9:49 of 1st period - Charlie Coyle wins face-off versus Valeri Nichushkin in neutral zone.
10:11 of 1st period - Icing by Erik Cernak.
10:12 of 1st period - Ryan Nugent-Hopkins wins face-off versus Mason McTavish in Minnesota North Stars zone.
10:12 of 1st period - Ryan Nugent-Hopkins is hit by Tyler Bertuzzi.
10:26 of 1st period - Slapshot by Mason McTavish.
10:26 of 1st period - Shot Misses the Net.
10:28 of 1st period - Slapshot by Brayden McNabb.
10:28 of 1st period - Stopped by Logan Thompson without a rebound.
10:29 of 1st period - William Karlsson wins face-off versus Charlie Coyle in Minnesota North Stars zone.
11:04 of 1st period - Snap shot by Ryan Nugent-Hopkins.
11:04 of 1st period - Shot Blocked by Brayden McNabb.
11:14 of 1st period - Slapshot by Charlie Coyle.
11:14 of 1st period - Stopped by Logan Thompson with a rebound.
11:44 of 1st period - Michael Rasmussen is hit by Nick Seeler and loses puck.
11:58 of 1st period - Icing by Jonathan Marchessault.
11:59 of 1st period - William Karlsson wins face-off versus Ryan Donato in Minnesota North Stars zone.
11:59 of 1st period - William Karlsson is hit by Ryan Donato.
12:09 of 1st period - Wrist shot by William Karlsson.
12:09 of 1st period - Shot Blocked by Radko Gudas.
12:11 of 1st period - Slapshot by Rasmus Dahlin.
12:11 of 1st period - Shot Blocked by Johnathan Kovacevic.
12:13 of 1st period - Slapshot by Matt Roy.
12:13 of 1st period - Deflect By William Karlsson.
12:13 of 1st period - Stopped by Tristan Jarry with a rebound.
12:34 of 1st period - Johnathan Kovacevic is hit by Niko Mikkola and loses puck.
12:44 of 1st period - Off-side.
12:45 of 1st period - Brock Nelson wins face-off versus Erik Haula in neutral zone.
12:56 of 1st period - Snap shot by William Eklund.
12:56 of 1st period - Shot Misses the Net.
13:07 of 1st period - Icing by William Eklund.
13:08 of 1st period - Ryan Donato wins face-off versus Brock Nelson in Minnesota North Stars zone.
13:14 of 1st period - Off-side.
13:15 of 1st period - Charlie Coyle wins face-off versus William Karlsson in neutral zone.
13:18 of 1st period - Snap shot by Anders Lee.
13:18 of 1st period - Stopped by Logan Thompson with a rebound.
13:30 of 1st period - Erik Cernak is hit by Charlie Coyle and loses puck.
13:31 of 1st period - Erik Cernak from Minnesota North Stars is injured at 13:31 of 1st period (Bruised Right Foot).
13:32 of 1st period - Mason McTavish wins face-off versus Ryan Nugent-Hopkins in Minnesota North Stars zone.
13:36 of 1st period - Minor Penalty to Kent Johnson for Tripping.
13:37 of 1st period - Ryan Nugent-Hopkins wins face-off versus Charlie Coyle in Minnesota North Stars zone.
15:36 of 1st period - Penalty to Kent Johnson is over, Kent Johnson is back on ice.
16:26 of 1st period - Johnathan Kovacevic is hit by Ivan Barbashev and loses puck.
16:57 of 1st period - William Karlsson is hit by Johnathan Kovacevic and loses puck.
17:04 of 1st period - Slapshot by Aliaksei Protas.
17:04 of 1st period - Stopped by Logan Thompson without a rebound.
17:05 of 1st period - Mason McTavish wins face-off versus Brock Nelson in Minnesota North Stars zone.
17:46 of 1st period - Minor Penalty to Rasmus Dahlin for Cross-checking.
17:47 of 1st period - Charlie Coyle wins face-off versus William Karlsson in Minnesota North Stars zone.
18:00 of 1st period - Snap shot by Anders Lee.
18:00 of 1st period - Stopped by Logan Thompson without a rebound.
18:01 of 1st period - Charlie Coyle wins face-off versus Ryan Nugent-Hopkins in Minnesota North Stars zone.
18:06 of 1st period - Backhand shot by Charlie Coyle.
18:06 of 1st period - Goal by Charlie Coyle - Arizona Coyotes : 2 - Minnesota North Stars : 1.
18:07 of 1st period - Charlie Coyle wins face-off versus Ryan Nugent-Hopkins in neutral zone.
18:54 of 1st period - Slapshot by Rasmus Dahlin.
18:54 of 1st period - Stopped by Tristan Jarry with a rebound.
18:56 of 1st period - Slapshot by Lawson Crouse.
18:56 of 1st period - Shot Blocked by Jared Spurgeon.
Goals for this period are 2 for Arizona Coyotes vs 1 for Minnesota North Stars.
Shots for this period are 13 for Arizona Coyotes vs 8 for Minnesota North Stars.
2nd period
0:01 of 2nd period - Mason McTavish wins face-off versus Ryan Nugent-Hopkins in neutral zone.
0:08 of 2nd period - Mason McTavish is hit by Ryan Nugent-Hopkins and loses puck.
1:10 of 2nd period - Wrist shot by Ross Colton.
1:10 of 2nd period - Stopped by Logan Thompson without a rebound.
1:11 of 2nd period - Mason McTavish wins face-off versus Michael Rasmussen in Minnesota North Stars zone.
1:24 of 2nd period - Snap shot by Mason McTavish.
1:24 of 2nd period - Goal by Mason McTavish - Arizona Coyotes : 3 - Minnesota North Stars : 1.
1:25 of 2nd period - Charlie Coyle wins face-off versus Ryan Nugent-Hopkins in neutral zone.
1:37 of 2nd period - Minor Penalty to Niko Mikkola for Tripping.
1:38 of 2nd period - Ryan Nugent-Hopkins wins face-off versus Charlie Coyle in Minnesota North Stars zone.
1:54 of 2nd period - Snap shot by Charlie Coyle.
1:54 of 2nd period - Stopped by Logan Thompson without a rebound.
1:55 of 2nd period - Mason McTavish wins face-off versus Ryan Nugent-Hopkins in Minnesota North Stars zone.
2:06 of 2nd period - Wrist shot by Ryan Nugent-Hopkins.
2:06 of 2nd period - Shot Blocked by Mats Zuccarello.
2:28 of 2nd period - Snap shot by Charlie Coyle.
2:28 of 2nd period - Shot Blocked by Neal Pionk.
2:38 of 2nd period - Ryan Nugent-Hopkins is hit by Charlie Coyle and loses puck.
3:09 of 2nd period - William Karlsson is hit by Mason McTavish and loses puck.
3:37 of 2nd period - Penalty to Niko Mikkola is over, Niko Mikkola is back on ice.
3:52 of 2nd period - Radko Gudas is hit by William Eklund and loses puck.
4:35 of 2nd period - William Eklund is hit by Ryan Donato and loses puck.
4:48 of 2nd period - Rasmus Dahlin is hit by Mats Zuccarello and loses puck.
5:03 of 2nd period - Wrist shot by Ryan Nugent-Hopkins.
5:03 of 2nd period - Stopped by Tristan Jarry without a rebound.
5:04 of 2nd period - Erik Haula wins face-off versus Ryan Nugent-Hopkins in Arizona Coyotes zone.
5:08 of 2nd period - Off-side.
5:09 of 2nd period - Erik Haula wins face-off versus William Karlsson in neutral zone.
5:15 of 2nd period - Off-side.
5:16 of 2nd period - Charlie Coyle wins face-off versus William Karlsson in neutral zone.
6:14 of 2nd period - Snap shot by Ross Colton.
6:14 of 2nd period - Stopped by Logan Thompson without a rebound.
6:15 of 2nd period - Ryan Nugent-Hopkins wins face-off versus Charlie Coyle in Minnesota North Stars zone.
6:21 of 2nd period - Off-side.
6:22 of 2nd period - Charlie Coyle wins face-off versus Ryan Nugent-Hopkins in neutral zone.
6:37 of 2nd period - Wrist shot by Anders Lee.
6:37 of 2nd period - Shot Hit the Post.
7:09 of 2nd period - Slapshot by Ryan Donato.
7:09 of 2nd period - Stopped by Logan Thompson with a rebound.
7:15 of 2nd period - Ryan Donato is hit by Michael Rasmussen and loses puck.
7:33 of 2nd period - Brayden McNabb is hit by Valeri Nichushkin and loses puck.
7:56 of 2nd period - Wrist shot by Anders Lee.
7:56 of 2nd period - Shot Misses the Net.
8:12 of 2nd period - Snap shot by Mats Zuccarello.
8:12 of 2nd period - Stopped by Logan Thompson without a rebound.
8:13 of 2nd period - Ryan Nugent-Hopkins wins face-off versus Charlie Coyle in Minnesota North Stars zone.
8:20 of 2nd period - Kent Johnson is hit by Anders Lee and loses puck.
8:35 of 2nd period - Minor Penalty to Neal Pionk for Roughing.
8:36 of 2nd period - Ryan Nugent-Hopkins wins face-off versus Charlie Coyle in Minnesota North Stars zone.
10:35 of 2nd period - Penalty to Neal Pionk is over, Neal Pionk is back on ice.
11:07 of 2nd period - Snap shot by Ross Colton.
11:07 of 2nd period - Shot Misses the Net.
11:09 of 2nd period - Slapshot by Johnathan Kovacevic.
11:09 of 2nd period - Shot Blocked by William Eklund.
11:14 of 2nd period - Icing by Niko Mikkola.
11:15 of 2nd period - Brock Nelson wins face-off versus Ryan Donato in Minnesota North Stars zone.
11:33 of 2nd period - Backhand shot by William Eklund.
11:33 of 2nd period - Shot Misses the Net.
12:05 of 2nd period - Kiefer Sherwood is hit by Rasmus Dahlin and loses puck.
12:40 of 2nd period - Snap shot by Lawson Crouse.
12:40 of 2nd period - Stopped by Tristan Jarry without a rebound.
12:41 of 2nd period - Ryan Nugent-Hopkins wins face-off versus Mason McTavish in Arizona Coyotes zone.
13:10 of 2nd period - William Karlsson is hit by Brayden McNabb and loses puck.
13:17 of 2nd period - Wrist shot by Vladimir Tarasenko.
13:17 of 2nd period - Stopped by Logan Thompson without a rebound.
13:18 of 2nd period - Charlie Coyle wins face-off versus Jonathan Marchessault in Minnesota North Stars zone.
13:50 of 2nd period - Slapshot by Valeri Nichushkin.
13:50 of 2nd period - Stopped by Tristan Jarry with a rebound.
14:10 of 2nd period - Wrist shot by Erik Haula.
14:10 of 2nd period - Shot Misses the Net.
14:12 of 2nd period - Slapshot by Brayden McNabb.
14:12 of 2nd period - Stopped by Logan Thompson with a rebound.
14:16 of 2nd period - Wrist shot by Ondrej Palat.
14:16 of 2nd period - Shot Blocked by William Eklund.
14:26 of 2nd period - Aliaksei Protas is hit by Lawson Crouse and loses puck.
14:53 of 2nd period - Snap shot by Kiefer Sherwood.
14:53 of 2nd period - Shot Misses the Net.
14:55 of 2nd period - Backhand shot by Charlie Coyle.
14:55 of 2nd period - Shot Misses the Net.
14:57 of 2nd period - Snap shot by Kiefer Sherwood.
14:57 of 2nd period - Stopped by Logan Thompson with a rebound.
15:09 of 2nd period - Snap shot by Mats Zuccarello.
15:09 of 2nd period - Stopped by Logan Thompson with a rebound.
15:11 of 2nd period - Wrist shot by Mats Zuccarello.
15:11 of 2nd period - Stopped by Logan Thompson with a rebound.
15:13 of 2nd period - Snap shot by Mason McTavish.
15:13 of 2nd period - Shot Misses the Net.
15:15 of 2nd period - Slapshot by Radko Gudas.
15:15 of 2nd period - Deflect By Mats Zuccarello.
15:15 of 2nd period - Stopped by Logan Thompson without a rebound.
15:16 of 2nd period - Charlie Coyle wins face-off versus William Eklund in Minnesota North Stars zone.
15:23 of 2nd period - Wrist shot by William Eklund.
15:23 of 2nd period - Stopped by Tristan Jarry without a rebound.
15:24 of 2nd period - Brock Nelson wins face-off versus Charlie Coyle in Arizona Coyotes zone.
15:25 of 2nd period - Wrist shot by Jack Hughes.
15:25 of 2nd period - Stopped by Tristan Jarry with a rebound.
15:27 of 2nd period - Snap shot by Jack Hughes.
15:27 of 2nd period - Stopped by Tristan Jarry with a rebound.
15:29 of 2nd period - Snap shot by Jack Hughes.
15:29 of 2nd period - Goal by Jack Hughes - Arizona Coyotes : 3 - Minnesota North Stars : 2.
15:30 of 2nd period - Mason McTavish wins face-off versus Ryan Nugent-Hopkins in neutral zone.
15:35 of 2nd period - Slapshot by Johnathan Kovacevic.
15:35 of 2nd period - Shot Blocked by Matt Roy.
16:36 of 2nd period - Double Minor Penalty to Ryan Donato for High sticking.
16:37 of 2nd period - Kiefer Sherwood wins face-off versus William Karlsson in Arizona Coyotes zone.
16:46 of 2nd period - Wrist shot by Anders Lee.
16:46 of 2nd period - Stopped by Logan Thompson with a rebound.
17:24 of 2nd period - Snap shot by Anders Lee.
17:24 of 2nd period - Shot Misses the Net.
17:29 of 2nd period - Icing by Rasmus Dahlin.
17:30 of 2nd period - Anders Lee wins face-off versus William Karlsson in Minnesota North Stars zone.
18:25 of 2nd period - Brayden McNabb is hit by Jonathan Marchessault and loses puck.
19:10 of 2nd period - Anders Lee is hit by William Karlsson and loses puck.
Goals for this period are 1 for Arizona Coyotes vs 1 for Minnesota North Stars.
Shots for this period are 13 for Arizona Coyotes vs 7 for Minnesota North Stars.
3rd period
0:01 of 3rd period - Anders Lee wins face-off versus William Karlsson in neutral zone.
0:36 of 3rd period - Penalty to Ryan Donato is over, Ryan Donato is back on ice.
0:38 of 3rd period - Slapshot by Jonathan Marchessault.
0:38 of 3rd period - Stopped by Tristan Jarry with a rebound.
0:54 of 3rd period - Slapshot by Jack Hughes.
0:54 of 3rd period - Stopped by Tristan Jarry with a rebound.
1:27 of 3rd period - Slapshot by Anders Lee.
1:27 of 3rd period - Shot Misses the Net.
1:29 of 3rd period - Slapshot by Brayden McNabb.
1:29 of 3rd period - Stopped by Logan Thompson with a rebound.
1:31 of 3rd period - Slapshot by Jared Spurgeon.
1:31 of 3rd period - Shot Blocked by Rasmus Dahlin.
1:33 of 3rd period - Snap shot by Anders Lee.
1:33 of 3rd period - Shot Hit the Post.
1:35 of 3rd period - Snap shot by Brayden McNabb.
1:35 of 3rd period - Stopped by Logan Thompson without a rebound.
1:36 of 3rd period - Ryan Nugent-Hopkins wins face-off versus Mason McTavish in Minnesota North Stars zone.
1:41 of 3rd period - Wrist shot by Kent Johnson.
1:41 of 3rd period - Shot Blocked by Johnathan Kovacevic.
1:43 of 3rd period - Slapshot by Kent Johnson.
1:43 of 3rd period - Shot Blocked by Radko Gudas.
1:45 of 3rd period - Slapshot by Gustav Forsling.
1:45 of 3rd period - Stopped by Tristan Jarry without a rebound.
1:46 of 3rd period - Valeri Nichushkin wins face-off versus Mason McTavish in Arizona Coyotes zone.
1:59 of 3rd period - Snap shot by Kent Johnson.
1:59 of 3rd period - Shot Misses the Net.
2:01 of 3rd period - Slapshot by Neal Pionk.
2:01 of 3rd period - Shot Blocked by Tyler Bertuzzi.
2:03 of 3rd period - Snap shot by Kent Johnson.
2:03 of 3rd period - Shot Misses the Net.
2:13 of 3rd period - Snap shot by Valeri Nichushkin.
2:13 of 3rd period - Shot Misses the Net.
2:15 of 3rd period - Snap shot by Kent Johnson.
2:15 of 3rd period - Shot Misses the Net.
2:17 of 3rd period - Wrist shot by Valeri Nichushkin.
2:17 of 3rd period - Shot Blocked by Johnathan Kovacevic.
2:19 of 3rd period - Slapshot by Neal Pionk.
2:19 of 3rd period - Stopped by Tristan Jarry with a rebound.
2:21 of 3rd period - Snap shot by Neal Pionk.
2:21 of 3rd period - Stopped by Tristan Jarry with a rebound.
2:23 of 3rd period - Snap shot by Valeri Nichushkin.
2:23 of 3rd period - Shot Blocked by Mason McTavish.
2:25 of 3rd period - Snap shot by Neal Pionk.
2:25 of 3rd period - Stopped by Tristan Jarry with a rebound.
2:32 of 3rd period - Off-side.
2:33 of 3rd period - Michael Rasmussen wins face-off versus Ryan Donato in neutral zone.
2:42 of 3rd period - Snap shot by Ivan Barbashev.
2:42 of 3rd period - Shot Misses the Net.
2:44 of 3rd period - Backhand shot by Lawson Crouse.
2:44 of 3rd period - Stopped by Tristan Jarry with a rebound.
2:57 of 3rd period - Minor Penalty to Brayden McNabb for Tripping.
2:58 of 3rd period - Anders Lee wins face-off versus Brock Nelson in Arizona Coyotes zone.
3:25 of 3rd period - Johnathan Kovacevic is hit by Jack Hughes and loses puck.
4:57 of 3rd period - Penalty to Brayden McNabb is over, Brayden McNabb is back on ice.
5:10 of 3rd period - Ivan Barbashev is hit by Mason McTavish and loses puck.
5:15 of 3rd period - Slapshot by Ryan Donato.
5:15 of 3rd period - Stopped by Logan Thompson without a rebound.
5:16 of 3rd period - Mats Zuccarello wins face-off versus Michael Rasmussen in Minnesota North Stars zone.
5:17 of 3rd period - Snap shot by Mason McTavish.
5:17 of 3rd period - Stopped by Logan Thompson without a rebound.
5:18 of 3rd period - Mason McTavish wins face-off versus Michael Rasmussen in Minnesota North Stars zone.
5:27 of 3rd period - Slapshot by Tyler Bertuzzi.
5:27 of 3rd period - Shot Misses the Net.
5:29 of 3rd period - Slapshot by Mats Zuccarello.
5:29 of 3rd period - Shot Blocked by Michael Rasmussen.
5:39 of 3rd period - Minor Penalty to Mason McTavish for Cross-checking.
5:40 of 3rd period - Brock Nelson wins face-off versus Anders Lee in Arizona Coyotes zone.
5:41 of 3rd period - Snap shot by Valeri Nichushkin.
5:41 of 3rd period - Stopped by Tristan Jarry with a rebound.
5:45 of 3rd period - Wrist shot by Kent Johnson.
5:45 of 3rd period - Stopped by Tristan Jarry without a rebound.
5:46 of 3rd period - Brock Nelson wins face-off versus Anders Lee in Arizona Coyotes zone.
5:53 of 3rd period - Snap shot by Brock Nelson.
5:53 of 3rd period - Shot Misses the Net.
6:13 of 3rd period - Wrist shot by Jack Hughes.
6:13 of 3rd period - Shot Blocked by Brayden McNabb.
6:15 of 3rd period - Snap shot by Jonathan Marchessault.
6:15 of 3rd period - Deflect By William Karlsson.
6:15 of 3rd period - Shot Misses the Net.
6:15 of 3rd period - Puck is out of play.
6:16 of 3rd period - William Karlsson wins face-off versus Kiefer Sherwood in Arizona Coyotes zone.
6:44 of 3rd period - Icing by Kent Johnson.
6:45 of 3rd period - Anders Lee wins face-off versus Brock Nelson in Minnesota North Stars zone.
6:46 of 3rd period - Wrist shot by Charlie Coyle.
6:46 of 3rd period - Shot Misses the Net.
7:10 of 3rd period - Snap shot by Kent Johnson.
7:10 of 3rd period - Deflect By Valeri Nichushkin.
7:10 of 3rd period - Shot Misses the Net.
7:10 of 3rd period - Puck is out of play.
7:11 of 3rd period - Anders Lee wins face-off versus Jonathan Marchessault in Arizona Coyotes zone.
7:16 of 3rd period - Snap shot by Charlie Coyle.
7:16 of 3rd period - Stopped by Logan Thompson without a rebound.
7:17 of 3rd period - William Karlsson wins face-off versus Anders Lee in Minnesota North Stars zone.
7:17 of 3rd period - William Karlsson is hit by Charlie Coyle.
7:39 of 3rd period - Penalty to Mason McTavish is over, Mason McTavish is back on ice.
8:19 of 3rd period - Snap shot by Ryan Nugent-Hopkins.
8:19 of 3rd period - Shot Blocked by Radko Gudas.
8:21 of 3rd period - Slapshot by Ryan Nugent-Hopkins.
8:21 of 3rd period - Stopped by Tristan Jarry without a rebound.
8:22 of 3rd period - William Karlsson wins face-off versus Ryan Donato in Arizona Coyotes zone.
8:49 of 3rd period - Jack Hughes is hit by Anders Lee and loses puck.
9:06 of 3rd period - Snap shot by Mason McTavish.
9:06 of 3rd period - Stopped by Logan Thompson with a rebound.
9:08 of 3rd period - Snap shot by Mats Zuccarello.
9:08 of 3rd period - Shot Misses the Net.
9:29 of 3rd period - Off-side.
9:30 of 3rd period - William Karlsson wins face-off versus Ryan Donato in neutral zone.
9:35 of 3rd period - Johnathan Kovacevic is hit by Rasmus Dahlin.
10:35 of 3rd period - Off-side.
10:36 of 3rd period - Lawson Crouse wins face-off versus Erik Haula in neutral zone.
10:38 of 3rd period - Minor Penalty to Niko Mikkola for High sticking.
10:39 of 3rd period - Ryan Nugent-Hopkins wins face-off versus Charlie Coyle in Minnesota North Stars zone.
11:17 of 3rd period - Snap shot by Mason McTavish.
11:17 of 3rd period - Shot Misses the Net.
11:19 of 3rd period - Snap shot by Mats Zuccarello.
11:19 of 3rd period - Stopped by Logan Thompson with a rebound.
11:21 of 3rd period - Wrist shot by Radko Gudas.
11:21 of 3rd period - Deflect By Mason McTavish.
11:21 of 3rd period - Stopped by Logan Thompson without a rebound.
11:22 of 3rd period - Kiefer Sherwood wins face-off versus William Karlsson in Minnesota North Stars zone.
12:03 of 3rd period - William Karlsson is hit by Charlie Coyle and loses puck.
12:18 of 3rd period - Wrist shot by Kiefer Sherwood.
12:18 of 3rd period - Shot Blocked by Rasmus Dahlin.
12:31 of 3rd period - Slapshot by Neal Pionk.
12:31 of 3rd period - Stopped by Tristan Jarry without a rebound.
12:32 of 3rd period - Tyler Bertuzzi wins face-off versus Ryan Nugent-Hopkins in Arizona Coyotes zone.
12:32 of 3rd period - Tyler Bertuzzi is hit by Ryan Nugent-Hopkins.
12:38 of 3rd period - Penalty to Niko Mikkola is over, Niko Mikkola is back on ice.
12:58 of 3rd period - Gustav Forsling is hit by Ondrej Palat and loses puck.
13:11 of 3rd period - Snap shot by Ondrej Palat.
13:11 of 3rd period - Shot Blocked by Gustav Forsling.
13:47 of 3rd period - Gustav Forsling is hit by Tyler Bertuzzi and loses puck.
16:21 of 3rd period - Minor Penalty to Ryan Donato for Slashing.
16:22 of 3rd period - Kiefer Sherwood wins face-off versus William Karlsson in Arizona Coyotes zone.
16:30 of 3rd period - Wrist shot by Kiefer Sherwood.
16:30 of 3rd period - Shot Blocked by Matt Roy.
17:03 of 3rd period - Erik Haula is hit by Matt Roy and loses puck.
18:21 of 3rd period - Penalty to Ryan Donato is over, Ryan Donato is back on ice.
18:26 of 3rd period - Wrist shot by Mason McTavish.
18:26 of 3rd period - Shot Blocked by Rasmus Dahlin.
18:32 of 3rd period - Minnesota North Stars, Logan Thompson is pulled from the net.
18:44 of 3rd period - Ryan Nugent-Hopkins is hit by Ryan Donato and loses puck.
18:49 of 3rd period - Snap shot by Aliaksei Protas.
18:49 of 3rd period - Shot Misses the Net.
19:05 of 3rd period - Snap shot by Anders Lee.
19:05 of 3rd period - Shot Blocked by Niko Mikkola.
19:11 of 3rd period - Anders Lee is hit by Valeri Nichushkin and loses puck.
19:31 of 3rd period - Snap shot by Valeri Nichushkin.
19:31 of 3rd period - Goal by Valeri Nichushkin - Arizona Coyotes : 3 - Minnesota North Stars : 3.
19:31 of 3rd period - Logan Thompson from Minnesota North Stars was sent back in the game.
19:32 of 3rd period - William Karlsson wins face-off versus Ryan Donato in neutral zone.
19:59 of 3rd period - Rasmus Dahlin is hit by Kiefer Sherwood.
Goals for this period are 0 for Arizona Coyotes vs 1 for Minnesota North Stars.
Shots for this period are 8 for Arizona Coyotes vs 12 for Minnesota North Stars.
Overtime #1
0:01 of 1st overtime period - Brock Nelson wins face-off versus Anders Lee in neutral zone.
0:26 of 1st overtime period - Matt Roy is hit by Kiefer Sherwood and loses puck.
0:31 of 1st overtime period - Wrist shot by Aliaksei Protas.
0:31 of 1st overtime period - Shot Blocked by Rasmus Dahlin.
0:33 of 1st overtime period - Wrist shot by Kiefer Sherwood.
0:33 of 1st overtime period - Stopped by Logan Thompson without a rebound.
0:34 of 1st overtime period - Ryan Nugent-Hopkins wins face-off versus Kiefer Sherwood in Minnesota North Stars zone.
2:54 of 1st overtime period - Slapshot by Michael Rasmussen.
2:54 of 1st overtime period - Stopped by Tristan Jarry with a rebound.
Goals for this period are 0 for Arizona Coyotes vs 0 for Minnesota North Stars.
Shots for this period are 1 for Arizona Coyotes vs 1 for Minnesota North Stars.
ShootOut
5:00 of 1st overtime period - Round #1.
5:00 of 1st overtime period - Arizona Coyotes, Anders Lee.
5:00 of 1st overtime period - Snap shot by Anders Lee.
5:00 of 1st overtime period - Shot Misses the Net.
5:00 of 1st overtime period - Minnesota North Stars, Kent Johnson.
5:00 of 1st overtime period - Wrist shot by Kent Johnson.
5:00 of 1st overtime period - Shot Misses the Net.
5:00 of 1st overtime period - Round #2.
5:00 of 1st overtime period - Arizona Coyotes, Charlie Coyle.
5:00 of 1st overtime period - Deke by Charlie Coyle.
5:00 of 1st overtime period - Stopped by Logan Thompson.
5:00 of 1st overtime period - Minnesota North Stars, Brock Nelson.
5:00 of 1st overtime period - Deke by Brock Nelson.
5:00 of 1st overtime period - Stopped by Tristan Jarry.
5:00 of 1st overtime period - Round #3.
5:00 of 1st overtime period - Arizona Coyotes, Kiefer Sherwood.
5:00 of 1st overtime period - Deke by Kiefer Sherwood.
5:00 of 1st overtime period - Stopped by Logan Thompson.
5:00 of 1st overtime period - Minnesota North Stars, Valeri Nichushkin.
5:00 of 1st overtime period - Wrist shot by Valeri Nichushkin.
5:00 of 1st overtime period - Goal by Valeri Nichushkin.
Back to the Top